 Dungeon Crawl Stone Soup version 0.17-a0-1545-gc1bb672 (webtiles) character file.

2893 Gorice the Carver (level 9, -1/72 HPs)
             Began as a Vampire Wanderer on July 18, 2015.
             Was a Follower of Kikubaaqudgha.
             Slain by a killer bee (6 damage)
             ... on level 7 of the Dungeon.
             The game lasted 00:56:56 (9800 turns).

Gorice the Carver (Vampire Wanderer)                Turns: 9800, Time: 00:56:56

Health: -1/72      AC: 14    Str: 14    XL:     9   Next: 48%
Magic:  9/9        EV:  6    Int: 16    God:    Kikubaaqudgha [*.....]
Gold:   325        SH:  0    Dex: 12    Spells: 0 memorised, 8 levels left

rFire  + . .     SeeInvis +     a - +0 falchion
rCold  . . .     Clarity  .     c - +2 chain mail {rF+}
rNeg   + + .     SustAt   .     (no shield)
rPois  .         Gourm    .     s - +0 helmet
rElec  .         Spirit   .     l - +1 cloak
rCorr  .         Warding  +     (no gloves)
rMut   .         Stasis   .     w - +0 pair of boots
MR     .....                    j - amulet of warding
Stlth  ..........               (no ring)
                                (no ring)

@: confused, lethally poisoned (-1 -> -2), about to teleport, not resistant to
hostile enchantments, extremely unstealthy
A: fangs 3, see invisible, unbreathing
a: Bat Form, Receive Corpses, Renounce Religion


You were on level 7 of the Dungeon.
You worshipped Kikubaaqudgha.
Kikubaaqudgha was aware of your devotion.
You were not thirsty.

You visited 2 branches of the dungeon, and saw 9 of its levels.

You collected 325 gold pieces.

Inventory:

Hand weapons
 a - a +0 falchion (weapon)
 b - a +1 hand crossbow
 p - a +2 short sword
 x - a +1 dagger of flaming
   (You found it on level 6 of the Dungeon)
 B - a +0 blowgun
Missiles
 d - 41 bolts
 e - 5 tomahawks (quivered)
 G - 6 poisoned needles
 Y - a throwing net
 Z - 223 stones
Armour
 c - a +2 chain mail of fire resistance (worn)
   (You found it on level 3 of the Dungeon)
 l - a +1 cloak (worn)
 s - a +0 helmet (worn)
 w - a +0 pair of boots (worn)
 F - a +2 leather armour of magic resistance
   (You took it off Eustachio on level 6 of the Dungeon)
Magical staves
 I - an uncursed staff of wizardry
Jewellery
 j - an amulet of warding (around neck)
 q - an uncursed ring of fire
Magical devices
 n - a wand of flame (33)
 y - a wand of frost (12)
 C - a wand of confusion (18)
 L - a wand of disintegration (9)
Scrolls
 k - 3 scrolls of remove curse
 m - 2 scrolls of fog
 o - 2 scrolls of magic mapping {!r}
 v - a scroll of teleportation {!r}
 H - a scroll of amnesia
Potions
 f - 28 potions of blood
 g - a potion of might {!q}
 i - 3 potions of agility {!q}
 r - a potion of flight
 A - a potion of lignification {unknown}
 D - 2 potions of cure mutation {unknown}
 E - a potion of brilliance {unknown}
 J - a potion of berserk rage {unknown}
Books
 h - Kikubaaqudgha's Tome of Evil Rites
   (Kikubaaqudgha gifted it to you on level 7 of the Dungeon)

   Spells                             Type                      Level
   a - Pain                           Necromancy                   1
   b - Corpse Rot                     Necromancy                   2
   c - Sublimation of Blood           Necromancy                   2
   d - Regeneration                   Charms/Necromancy            3
   e - Control Undead                 Necromancy                   4
 t - Jessica's Almanac of Protection
   (You found it on level 2 of the Dungeon)

   Spells                             Type                      Level
   a - Shroud of Golubria             Charms/Translocation         2
 K - a book of Dreams


   Skills:
 + Level 7.1 Fighting
 - Level 2.1(5.9) Short Blades
 * Level 8.0(8.1) Long Blades
 - Level 6.2 Crossbows
 - Level 1.5 Armour
 - Level 1.5 Stealth
   Level 1.0 Shields


You had 8 spell levels left.
You didn't know any spells.

Dungeon Overview and Level Annotations

Branches:
Dungeon (8/15)             Temple (1/1) D:4
   Lair: D:8-11

Altars:
Ashenzari
Dithmenos
Elyvilon
Fedhas
Gozag
Kikubaaqudgha
Makhleb
Nemelex Xobeh
Okawaru
Sif Muna
Vehumet
Xom
Yredelemnul
Zin
The Shining One

Shops:
D:5 *   D:7 %


Innate Abilities, Weirdness & Mutations

You have razor-sharp teeth.
You have supernaturally acute eyesight.
You can survive without breathing.


Message History

The killer bee is heavily wounded.
You feel sick.
The killer bee stings you but does no damage.
Damage: 1 (max 6)
You closely miss the killer bee.
The killer bee is heavily wounded.
You feel sick. The killer bee stings you.
* * * LOW HITPOINT WARNING * * *
The killer bee barely misses you.
Damage: 4 (max 6)
You hit the killer bee but do no damage.
The killer bee is heavily wounded.
You feel sick. The killer bee stings you.
* * * LOW HITPOINT WARNING * * *
The killer bee barely misses you.
Damage: 7 (max 7) Unknown command.
Drink which item? (? for menu, Esc to quit)
You feel better. The killer bee stings you.
* * * LOW HITPOINT WARNING * * *
The killer bee barely misses you.
You hit the killer bee.
The killer bee is heavily wounded.
The killer bee stings you.
* * * LOW HITPOINT WARNING * * *
The killer bee stings you.
* * * LOW HITPOINT WARNING * * *
You are lethally poisoned!
The killer bee poisons you!
Damage: 7 (max 7) Drink which item? (? for menu, Esc to quit)
Okay, then.
Read which item? (? for menu, Esc to quit)
Really read
v - 2 scrolls of teleportation {!r}?
As you read the scroll of teleportation {!r}, it crumbles to dust.
You feel strangely unstable.
* * * LOW HITPOINT WARNING * * *
You feel sick. The killer bee barely misses you.
The killer bee closely misses you.
Damage: 1 (max 7) Drink which item? (? for menu, Esc to quit)
You can't drink that!
Drink which item? (? for menu, Esc to quit)
Really quaff
u - a potion of ambrosia {!q}?
You are confused.
You feel invigorated.
You feel sick.
The killer bee stings you but does no damage.
The killer bee stings you.
You die...
Kikubaaqudgha rasps: "You have failed me!
Welcome... oblivion!"

..........................+......
..........................#......
................##........'......
.....).....#######..#######......
....)>.....# #...##...........
...........# #.#.##.......####
...........# ##.#.##.......#
..[........#####..#.##########
............).##@##.#
..........#.#'##y##.#
.................##.# ##########
.......>........###.# #........#
....................# #........#
................########........#
.)....).........#......+........'
........)..[....#.######........#
#########..............'........#


You could see a killer bee.

Vanquished Creatures
  A shadow (D:8)
  Eustachio (D:6)
  An ice beast (D:6)
  2 sky beasts
  3 ogres
  3 centaurs
  4 giant frogs
  A big kobold (D:7)
  A water moccasin skeleton (D:5)
  A killer bee (D:7)
  5 crimson imps
  An electric eel (D:6)
  A jelly (D:6)
  7 orc priests
  A giant frog skeleton (D:4)
  4 hounds
  A giant frog zombie (D:6)
  9 orc wizards
  Jessica (D:2)
  2 iguanas
  3 worker ants
  A hound skeleton (D:6)
  Robin (D:1)
  6 gnolls
  10 adders
  An ooze (D:1)
  A worm (D:3)
  26 orcs
  2 bat zombies
  5 giant cockroaches
  14 hobgoblins
  8 jackals
  4 quokkas
  2 ball pythons (D:6)
  7 bats
  4 giant geckos
  A giant gecko skeleton (D:4)
  A giant gecko zombie (D:6)
  7 giant newts
  19 goblins
  19 kobolds
  15 rats
207 creatures vanquished.

Notes
Turn   | Place    | Note
--------------------------------------------------------------
     0 | D:1      | Gorice the Vampire Wanderer began the quest for the Orb.
     0 | D:1      | Gorice set off with: a +2 short sword, a potion of curing, a +0 hand crossbow, 22 bolts, a +0 robe, a potion of blood
     0 | D:1      | Reached XP level 1. HP: 16/16 MP: 1/1
   121 | D:1      | Reached skill level 2 in Fighting
   121 | D:1      | Reached skill level 2 in Crossbows
   121 | D:1      | Reached XP level 2. HP: 17/22 MP: 2/2
   853 | D:2      | Reached XP level 3. HP: 27/27 MP: 3/3
  1139 | D:2      | Noticed Jessica
  1139 | D:2      | Noticed Robin
  1212 | D:1      | Killed Robin
  1212 | D:1      | Reached skill level 3 in Crossbows
  1385 | D:2      | Killed Jessica
  1385 | D:2      | Reached XP level 4. HP: 31/34 MP: 4/4
  1455 | D:2      | Identified Jessica's Almanac of Protection
  1811 | D:2      | Reached XP level 5. HP: 34/40 MP: 5/5
  2150 | D:3      | Reached skill level 3 in Fighting
  2168 | D:3      | Reached skill level 4 in Crossbows
  2236 | D:2      | HP: 11/41 [orc wizard/magic dart (3)]
  2874 | D:4      | Found a radiant altar of Vehumet.
  2902 | D:3      | Reached XP level 6. HP: 33/47 MP: 6/6
  3008 | D:4      | Found a staircase to the Ecumenical Temple.
  3020 | Temple   | Entered the Ecumenical Temple
  3699 | D:4      | Reached skill level 5 in Crossbows
  3811 | D:4      | Noticed a centaur
  3826 | D:4      | HP: 12/48 [centaur (3)]
  3831 | D:4      | Killed a centaur
  3831 | D:4      | Reached skill level 4 in Fighting
  3831 | D:4      | Reached XP level 7. HP: 13/54 MP: 7/7
  4348 | D:5      | Entered Level 5 of the Dungeon
  4398 | D:5      | Found a deep blue altar of Sif Muna.
  4575 | D:5      | Found Zin's Purification Station.
  4587 | D:5      | Found a glowing silver altar of Zin.
  5071 | D:5      | HP: 15/55 [poisoned by a worker ant]
  5093 | D:5      | HP: 16/55 [poisoned by a worker ant]
  5099 | D:5      | HP: 14/55 [poisoned by a worker ant]
  5107 | D:5      | HP: 14/55 [poisoned by a worker ant]
  5115 | D:5      | HP: 13/55 [poisoned by a worker ant]
  5266 | D:5      | Reached skill level 6 in Crossbows
  5471 | D:5      | Found a white marble altar of Elyvilon.
  5566 | D:5      | Found an iron altar of Okawaru.
  5969 | D:6      | Reached skill level 5 in Fighting
  5969 | D:6      | Reached skill level 1 in Long Blades
  6033 | D:6      | Reached skill level 2 in Long Blades
  6033 | D:6      | Reached XP level 8. HP: 45/62 MP: 8/8
  6299 | D:6      | Found an ancient bone altar of Kikubaaqudgha.
  6299 | D:6      | Found a shimmering altar of Xom.
  6336 | D:6      | Noticed Eustachio
  6405 | D:6      | HP: 17/62 [ogre/giant club (11)]
  6406 | D:6      | Reached skill level 3 in Long Blades
  6460 | D:6      | HP: 17/63 [acid (5)]
  6757 | D:6      | Killed Eustachio
  6757 | D:6      | Reached skill level 4 in Long Blades
  6893 | D:6      | Found a burning altar of Makhleb.
  7170 | D:6      | Reached skill level 6 in Fighting
  7170 | D:6      | Reached skill level 5 in Long Blades
  7692 | D:6      | Became a worshipper of Kikubaaqudgha
  7900 | D:7      | Reached skill level 6 in Long Blades
  8003 | D:7      | Found a glowing golden altar of the Shining One.
  8128 | D:7      | Found Lywnez's Food Emporium.
  8154 | D:7      | Reached XP level 9. HP: 36/71 MP: 9/9
  8177 | D:7      | HP: 21/71 [kobold (1)]
  8185 | D:7      | HP: 20/71 [giant newt (2)]
  8190 | D:7      | HP: 20/71 [giant newt (1)]
  9069 | D:8      | Reached skill level 7 in Long Blades
  9381 | D:7      | Acquired Kikubaaqudgha's first power
  9381 | D:7      | Received a gift from Kikubaaqudgha
  9388 | D:7      | Identified Kikubaaqudgha's Tome of Evil Rites (Kikubaaqudgha gifted it to you on level 7 of the Dungeon)
  9718 | D:8      | Reached skill level 7 in Fighting
  9784 | D:7      | Reached skill level 8 in Long Blades
  9791 | D:7      | HP: 21/72 [poisoned by a killer bee]
  9796 | D:7      | HP: 14/72 [poisoned by a killer bee]
  9798 | D:7      | HP: 2/72 [killer bee (5)]
  9800 | D:7      | Slain by a killer bee

Vault maps used:
D:1:      minmay_arrival_arboretum_small, minivault_27
D:2:      grunt_decor_one_mirror, kennysheep_jessica_study, uniq_robin
D:3:      first_bread
D:4:      minmay_temple_entry_junction, vehumet_altar_wand_db
D:5:      elyvilon_altar_3, overflow_temple_1_default, zin_purify,
          old_standard_altar
D:6:      kennysheep_mini, amethyst_overflow_temple_binary,
          kennysheep_generic_room_4, uniq_eustachio
D:7:      lemuel_ice_spiral_2, nicolae_overflow_crystal_walls, serial_shops,
          shop_fountains
D:8:      minmay_curly_fans, hangedman_tree_tricks
Temple:   circular_temple_6

Action                   |  1- 3 |  4- 6 |  7- 9 || total
-------------------------+-------+-------+-------++-------
Melee: Short sword       |    46 |   180 |   338 ||   564
       Falchion          |       |       |   302 ||   302
 Fire: Hand crossbow     |    36 |    85 |   168 ||   289
Evoke: Wand              |       |       |     1 ||     1
  Use: Scroll            |     2 |     7 |     9 ||    18
       Potion            |     1 |     9 |    21 ||    31

Table legend:
 A = Turns spent in this place as a percentage of turns spent in the entire game.
 B = Non-inter-level travel turns spent in this place as a percentage of non-inter-level travel turns spent in the entire game.
 C = Inter-level travel turns spent in this place as a percentage of turns spent in this place.
 D = Turns resting spent in this place as a percentage of non-inter-level travel turns spent in this place.
 E = Turns spent auto-exploring this place as a percentage of non-inter-level travel turns spent in this place.
 F = Non-inter-level travel turns spent in this place divided by the number of levels of this place that you've seen.
                   A       B       C       D       E      F
               +-------+-------+-------+-------+-------+----------------------
         Total | 100.0 | 100.0 |   0.4 |   1.8 |   4.0 | 447.4
       Dungeon |  99.5 |  99.5 |   0.4 |   1.8 |   3.9 | 501.0
        Temple |   0.5 |   0.5 |   0.0 |   0.0 |  21.1 |  19.0
               +-------+-------+-------+-------+-------+----------------------

Vault maps used:
D:1:      minmay_arrival_arboretum_small, minivault_27
D:2:      grunt_decor_one_mirror, kennysheep_jessica_study, uniq_robin
D:3:      first_bread
D:4:      minmay_temple_entry_junction, vehumet_altar_wand_db
D:5:      elyvilon_altar_3, overflow_temple_1_default, zin_purify,
          old_standard_altar
D:6:      kennysheep_mini, amethyst_overflow_temple_binary,
          kennysheep_generic_room_4, uniq_eustachio
D:7:      lemuel_ice_spiral_2, nicolae_overflow_crystal_walls, serial_shops,
          shop_fountains
D:8:      minmay_curly_fans, hangedman_tree_tricks
Temple:   circular_temple_6
